 Dungeon Crawl Stone Soup version 0.17-a0-1987-gaf5a542 (webtiles) character file.

366 4thArraOfDagon the Chopper (level 6, 0/56 HPs)
             Began as a Minotaur Fighter on Oct 6, 2015.
             Was a Follower of the Shining One.
             Shot with a sling bullet by Joseph (20 damage)
             ... on level 7 of the Dungeon.
             The game lasted 00:04:39 (812 turns).

4thArraOfDagon the Chopper (Minotaur Fighter)        Turns: 812, Time: 00:04:40

Health: 0/56       AC:  9    Str: 20    XL:     6   Next: 40%
Magic:  5/5        EV:  5    Int:  7    God:    the Shining One [*.....]
Gold:   50         SH:  9    Dex: 10    Spells: 0 memorised, 5 levels left

rFire  . . .     SeeInvis .     d - +0 war axe
rCold  . . .     Clarity  .     j - +0 chain mail
rNeg   . . .     SustAt   .     c - +0 shield
rPois  .         Gourm    .     (helmet restricted)
rElec  .         Spirit   .     (no cloak)
rCorr  .         Warding  .     (no gloves)
rMut   .         Stasis   .     (no boots)
MR     .....                    (no amulet)
Stlth  ..........               (no ring)
                                p - ring of loudness (curse)

@: glowing, not resistant to hostile enchantments, extremely unstealthy
A: retaliatory headbutt, horns 2
a: Renounce Religion


You were on level 7 of the Dungeon.
You worshipped the Shining One.
The Shining One was aware of your devotion.
You were not hungry.

You visited 1 branch of the dungeon, and saw 7 of its levels.

You collected 105 gold pieces.
You spent 55 gold pieces at shops.

Inventory:

Hand Weapons
 d - a +0 war axe (weapon)
Armour
 c - a +0 shield (worn)
 j - a +0 chain mail (worn)
Jewellery
 p - a cursed ring of loudness (left hand)
Wands
 b - a wand of cold (4)
Scrolls
 f - 4 scrolls of identify
 g - a scroll of random uselessness {unknown}
 i - 2 scrolls of remove curse
 l - a scroll of magic mapping {unknown}
 m - a scroll of fog {unknown}
 o - a scroll of immolation {unknown}
Potions
 a - a potion of might
Comestibles
 e - 3 bread rations
 h - a meat ration
 k - 3 chunks of flesh


   Skills:
 + Level 5.2 Fighting
 * Level 6.3 Axes
 + Level 5.2 Armour
 - Level 3.6 Shields


You had 5 spell levels left.
You didn't know any spells.

Dungeon Overview and Level Annotations

Branches:
Dungeon (7/15)             Temple (0/1) D:6

Altars:
Makhleb
The Shining One

Shops:
D:6 ?

Annotations:
D:7 Joseph; Skaffen's ghost, novice OpVM


Innate Abilities, Weirdness & Mutations

You reflexively headbutt those who attack you in melee.
You have a pair of horns on your head.


Message History

a tomahawk; a sling bullet Read which item? (? for menu, Esc to quit)
Okay, then.
Drink which item? (? for menu, Esc to quit)
Okay, then.
Drink which item? (? for menu, Esc to quit)
It was a potion of cancellation.
You feel magically purged.
The orc throws a tomahawk.
The tomahawk hits you but does no damage.
Joseph shoots a sling bullet.
You block the sling bullet.
Unknown command.
Unknown command.
Unknown command.
Unknown command.
Unknown command.
Unknown command.
Unknown command.
Unknown command.
Joseph shoots a sling bullet.
The sling bullet hits you!!
You die...

. ## . ...##.#
...#.# ####.#
..... ##.
.....# ...#
.... ...#
##.##.#.#
##.###
##@.....# ...
...###.#.#..#.#
##.#
#..Z...(@!...#
...#
#.###.#.#..#.#
...# ##.....#
## .#.#
...#.... #. .#
# ##.###...#.
#. ... ...
....# #. ....
.o.. .### #.


You could see Joseph and a quokka skeleton.

Vanquished Creatures
  An ogre (D:6)
  A centaur zombie (D:7)
  2 orc wizards (D:3)
  A hound (D:6)
  Ijyb (D:2)
  2 worker ants
  An orc priest (D:3)
  2 adders (D:5)
  An adder skeleton (D:5)
  7 orcs
  A ball python (D:1)
  4 bats
  2 giant cockroaches (D:3)
  2 goblins (D:1)
  3 hobgoblins
  2 kobolds (D:3)
  3 giant newts
  2 rats (D:2)
38 creatures vanquished.

Notes
Turn   | Place    | Note
--------------------------------------------------------------
     0 | D:1      | 4thArraOfDagon the Minotaur Fighter began the quest for the Orb.
     0 | D:1      | Reached XP level 1. HP: 19/19 MP: 0/0
    54 | D:1      | Found a glowing golden altar of the Shining One.
    79 | D:1      | Became a worshipper of the Shining One
    82 | D:1      | Reached XP level 2. HP: 20/27 MP: 1/1
   151 | D:2      | Noticed Ijyb
   164 | D:2      | Killed Ijyb
   164 | D:2      | Reached skill level 4 in Fighting
   164 | D:2      | Reached XP level 3. HP: 26/33 MP: 2/2
   236 | D:3      | Reached XP level 4. HP: 33/40 MP: 3/3
   258 | D:3      | Found a burning altar of Makhleb.
   258 | D:3      | Noticed a blizzard demon
   292 | D:4      | Reached XP level 5. HP: 28/47 MP: 4/4
   359 | D:5      | Entered Level 5 of the Dungeon
   361 | D:5      | Reached skill level 5 in Axes
   470 | D:5      | Noticed a phantom
   482 | D:6      | Found Kotiefa's Magic Scroll Shoppe.
   517 | D:6      | Bought a scroll of teleportation for 33 gold pieces
   517 | D:6      | Bought a scroll of identify for 22 gold pieces
   539 | D:6      | Found a staircase to the Ecumenical Temple.
   701 | D:7      | Acquired the Shining One's first power
   701 | D:7      | Reached skill level 5 in Armour
   710 | D:7      | Noticed Skaffen's ghost (novice OpVM)
   729 | D:7      | Reached skill level 5 in Fighting
   729 | D:7      | Reached XP level 6. HP: 54/56 MP: 5/5
   783 | D:7      | Noticed an ogre
   785 | D:7      | Noticed a water moccasin
   790 | D:6      | Killed an ogre
   790 | D:6      | Reached skill level 6 in Axes
   793 | D:6      | Noticed an ice beast
   808 | D:7      | Noticed Joseph
   812 | D:7      | Shot with a sling bullet by Joseph

Vault maps used:
D:1:      sevenhm_arrival_forest_fort_large_1, tso_metal_star
D:2:      first_bread, minmay_lizard_king, uniq_iyjb, uniq_sigmund
D:3:      makhleb_altar_promises_db
D:4:      hex_tiny
D:5:      lemuel_insect_pit, uniq_eustachio
D:6:      temple_fountains, basic_altar, serial_shops, shop,
          trog_ov_bears_minmay
D:7:      uniq_menkaure, uniq_joseph

Action                   |  1- 3 |  4- 6 || total
-------------------------+-------+-------++-------
Melee: War axe           |    28 |    67 ||    95
  Use: Potion            |     1 |     2 ||     3
       Scroll            |       |     2 ||     2
